Hurricanes vs Islanders

Created - Saturday, April 16, 2016 at 02:59

Goals
1 2 3 T
Hurricanes 1 1 0 2
Islanders 2 3 0 5
Shots
1 2 3 T
Hurricanes 16 8 6 30
Islanders 9 13 6 28

1st period

1. Islanders , Erik Karlsson 2 (Kevin Klein) at 2:26
2. Hurricanes , Mike Fisher 1 (Marian Gaborik) at 3:27
3. Islanders , Marian Hossa 1 (Joe Pavelski) at 17:45 (PP)

Penalties :
Marco Scandella (Car) for Roughing (Minor) at 16:42, Dalton Prout (NYI) for Holding (Minor) at 18:14

2nd period

4. Hurricanes , Kris Versteeg 1 (Jiri Hudler, Eric Staal) at 0:34
5. Islanders , Brandon Pirri 1 (David Krejci) at 0:40
6. Islanders , Marian Hossa 2 (Joe Pavelski, Braden Holtby) at 18:13 (PP)
7. Islanders , Marian Hossa 3 (Joe Pavelski, Travis Hamonic) at 19:07

Penalties :
Marco Scandella (Car) for Holding (Minor) at 4:47, Fedor Tyutin (Car) for High sticking (Minor) at 9:28, Fedor Tyutin (Car) for Boarding (Minor) at 17:49, Martin Hanzal (Car) for Roughing (Minor) at 19:53

3rd period

No Goal

Penalties :
Paul Gaustad (NYI) for Tripping (Minor) at 2:50, Stephane Robidas (Car) for Holding (Minor) at 11:04, Olli Maatta (NYI) for Goalie Interference (Minor) at 13:47

Goalie Stats

Brian Elliott (Car), 23 saves from 28 shots - (0.821), L, 0-2-0, 60:00 minutes
Braden Holtby (NYI), 28 saves from 30 shots - (0.933), W, 2-0-0, 60:00 minutes

Players Stats for Hurricanes

Player Name              G  A  P  +/- PIM S  H  SB GA TA FO     MP     PP MP  PK MP  
------------------------------------------------------------------------------------
Andrew Ebbett            0  0  0  -1  0   0  2  0  2  0  2/8    13:32   0:00   5:12 
Eric Staal               0  1  1   1  0   1  1  0  0  0  5/10   16:14   2:49   0:11 
Fedor Tyutin             0  0  0  -2  4   1  3  6  0  4  0/0    17:15   0:00   4:23 
Jared Spurgeon           0  0  0   1  0   5  1  1  0  1  0/0    23:05   2:55   4:56 
Jiri Hudler              0  1  1   1  0   2  0  0  4  0  0/0    16:03   2:49   0:00 
Josh Bailey              0  0  0   0  0   1  0  0  1  0  0/0    15:07   3:08   0:00 
Kris Versteeg            1  0  1   1  0   1  1  1  0  0  0/0    16:03   2:49   0:00 
Marco Scandella          0  0  0   0  4   0  2  0  0  3  0/0    20:24   3:02   0:00 
Marian Gaborik           0  1  1   0  0   0  0  0  3  0  0/0    15:07   3:08   0:00 
Martin Hanzal            0  0  0  -1  2   3  0  0  3  0  6/10   15:10   0:00   4:00 
Matt Read                0  0  0  -1  0   0  1  2  1  1  1/3    16:43   0:00   5:32 
Mike Fisher              1  0  1   0  0   4  3  1  3  0  6/17   15:07   3:08   0:00 
Mike Weaver              0  0  0  -2  0   1  0  2  0  3  0/0    18:13   0:00   5:55 
Mikhail Grabovski        0  0  0  -1  0   1  2  0  3  0  0/0    10:20   0:00   0:00 
Stephane Robidas         0  0  0   1  2   0  3  0  0  1  0/0    21:35   2:55   3:32 
Stephen Gionta           0  0  0  -1  0   3  0  0  2  0  0/0    12:07   0:00   3:51 
Thomas Hickey            0  0  0   0  0   4  1  1  0  2  0/0    20:15   3:02   0:00 
Viktor Stalberg          0  0  0  -1  0   3  2  0  6  0  0/0     8:11   0:00   0:00 

Players Stats for Islanders

Player Name              G  A  P  +/- PIM S  H  SB GA TA FO     MP     PP MP  PK MP  
------------------------------------------------------------------------------------
Brandon Pirri            1  0  1   0  0   5  0  0  1  1  1/1    16:46   4:36   0:00 
Carl Hagelin             0  0  0   1  0   0  2  0  1  1  1/3    16:57   4:47   1:34 
Dalton Prout             0  0  0  -1  2   0  1  0  0  0  0/0    12:52   0:00   1:24 
David Krejci             0  1  1   0  0   0  0  0  0  0  10/15  18:46   4:36   1:18 
Dustin Brown             0  0  0   0  0   1  2  0  1  1  0/0    16:47   5:32   0:41 
Erik Karlsson            1  0  1   2  0   4  2  0  0  2  0/0    24:44   7:13   0:00 
Jamie Benn               0  0  0   0  0   4  2  0  3  0  1/1    16:46   4:36   0:00 
Joe Pavelski             0  3  3   1  0   1  1  0  4  1  8/13   15:23   4:47   0:00 
Kevin Klein              0  1  1   1  0   2  1  3  0  2  0/0    17:40   0:00   3:43 
Lauri Korpikoski         0  0  0   0  0   1  0  2  2  0  0/0    16:06   0:00   4:46 
Marcel Goc               0  0  0   1  0   1  0  0  0  1  1/3    11:04   0:00   0:09 
Marian Hossa             3  0  3   1  0   5  2  0  7  1  0/1    15:23   4:47   0:00 
Olli Maatta              0  0  0  -1  2   2  0  1  0  0  0/0    19:32   2:10   1:46 
Patrik Berglund          0  0  0   1  0   1  0  0  1  2  1/1    10:55   0:00   0:00 
Paul Gaustad             0  0  0  -1  2   0  1  1  0  2  5/10   14:20   0:00   3:26 
Rob Scuderi              0  0  0   1  0   0  0  2  1  2  0/0    18:41   0:00   3:43 
Travis Hamonic           0  1  1  -1  0   0  0  0  0  1  0/0    16:48   0:00   1:18 
Tyler Ennis              0  0  0   0  0   1  2  0  2  0  0/0    14:30   3:51   0:00 

3 Stars

1 - Marian Hossa (NYI)
2 - Joe Pavelski (NYI)
3 - Erik Karlsson (NYI)

Power Play

Hurricanes - 0 on 3 Attempt(s) - 0.00%
Islanders - 2 on 6 Attempt(s) - 33.33%

Penalty Kill

Hurricanes - 4 on 6 Attempt(s) - 66.67% - Score 0 goal in Penalty Kill
Islanders - 3 on 3 Attempt(s) - 100.00% - Score 0 goal in Penalty Kill

Team Stat

Hurricanes - Hits : 22 - Faceoff Wins : 20 - Blocked Shots : 14 - Penalty Minutes : 12
Islanders - Hits : 16 - Faceoff Wins : 28 - Blocked Shots : 9 - Penalty Minutes : 6

Official

Referees : Unknown
Linesman : Unknown

Game Notes

Marian Hossa has scored a Hat Trick!

Finance

Level 1 -- Attendance: 4956 (82.60%) -- Ticket Income $436,128
Level 2 -- Attendance: 4102 (82.04%) -- Ticket Income $237,916
Level 3 -- Attendance: 1483 (74.15%) -- Ticket Income $59,320
Level 4 -- Attendance: 2600 (65.00%) -- Ticket Income $67,600
Luxury Box -- Attendance: 1000 (100.00%) -- Ticket Income $179,000
Game was played at the Nassau Coliseum.
Total Attendance: 14141 (78.56%)
Total Ticket Income: $979,964
Other Income: $480,182
Total Income: $1,460,146

Hurricanes

5 vs 5 Forward 
   Center                   Left Wing                Right Wing               Time % Phy DF OF 
 1 Mike Fisher              Josh Bailey              Marian Gaborik           28     0   3  2  
 2 Eric Staal               Kris Versteeg            Jiri Hudler              27     0   3  2  
 3 Martin Hanzal            Mikhail Grabovski        Matt Read                25     0   2  3  
 4 Andrew Ebbett            Viktor Stalberg          Stephen Gionta           20     0   2  3  

5 vs 5 Defense 
   Defense                  Defense                                           Time % Phy DF OF 
 1 Jared Spurgeon           Stephane Robidas                                  35     0   3  2  
 2 Thomas Hickey            Marco Scandella                                   35     0   3  2  
 3 Fedor Tyutin             Mike Weaver                                       30     1   2  2  
 4 Jared Spurgeon           Stephane Robidas                                  0      0   3  2  

PowerPlay Forward 
   Center                   Left Wing                Right Wing               Time % Phy DF OF 
 1 Mike Fisher              Josh Bailey              Marian Gaborik           50     0   1  4  
 2 Eric Staal               Kris Versteeg            Jiri Hudler              50     0   1  4  

PowerPlay Defense
   Defense                  Defense                                           Time % Phy DF OF 
 1 Jared Spurgeon           Stephane Robidas                                  50     0   1  4  
 2 Thomas Hickey            Marco Scandella                                   50     0   1  4  

Penalty Kill 4 Players Forward 
   Center                   Wing                     Time % Phy DF OF 
 1 Andrew Ebbett            Stephen Gionta           50     0   4  1  
 2 Martin Hanzal            Matt Read                50     0   4  1  

Penalty Kill 4 Players Defense
   Defense                  Defense                  Time % Phy DF OF 
 1 Fedor Tyutin             Mike Weaver              50     1   4  0  
 2 Jared Spurgeon           Stephane Robidas         50     1   4  0  

Penalty Kill - 3 Players Forward 
   Forward                                           Time % Phy DF OF 
 1 Andrew Ebbett                                     50     0   5  0  
 2 Martin Hanzal                                     50     0   5  0  

Penalty Kill - 3 Players Defense
   Defense                  Defense                  Time % Phy DF OF 
 1 Fedor Tyutin             Mike Weaver              50     1   4  0  
 2 Jared Spurgeon           Stephane Robidas         50     1   4  0  

4 vs 4 Forward 
   Center                   Wing                     Time % Phy DF OF 
 1 Mike Fisher              Marian Gaborik           50     0   3  2  
 2 Eric Staal               Jiri Hudler              50     0   3  2  

4 vs 4 Defense
   Defense                  Defense                  Time % Phy DF OF 
 1 Jared Spurgeon           Stephane Robidas         50     0   2  3  
 2 Thomas Hickey            Marco Scandella          50     0   2  3  

Last Minutes Offensive
   Center                   Left Wing                Right Wing               Defense                  Defense                  
   Mike Fisher              Jiri Hudler              Marian Gaborik           Jared Spurgeon           Marco Scandella          

Last Minutes Defensive
   Center                   Left Wing                Right Wing               Defense                  Defense                  
   Mike Fisher              Andrew Ebbett            Matt Read                Fedor Tyutin             Mike Weaver              

Goaltenders
Starting : Brian Elliott            
Backup : Jonas Hiller             

Extra Forwards
Normal : Mike Fisher, Jiri Hudler, Marian Gaborik - PP : Marian Gaborik, Jiri Hudler - PK : Andrew Ebbett
Extra Defensemen
Normal : Jared Spurgeon, Fedor Tyutin, Stephane Robidas - PP : Fedor Tyutin - PK : Stephane Robidas, Fedor Tyutin
Penalty Shots
Fedor Tyutin, Andrew Ebbett, Marian Gaborik, Josh Bailey, Jiri Hudler

Islanders

5 vs 5 Forward 
   Center                   Left Wing                Right Wing               Time % Phy DF OF 
 1 David Krejci             Jamie Benn               Brandon Pirri            32     1   2  2  
 2 Joe Pavelski             Carl Hagelin             Marian Hossa             27     1   2  2  
 3 Paul Gaustad             Dustin Brown             Tyler Ennis              23     1   2  2  
 4 Marcel Goc               Lauri Korpikoski         Patrik Berglund          18     1   2  2  

5 vs 5 Defense 
   Defense                  Defense                                           Time % Phy DF OF 
 1 Erik Karlsson            Kevin Klein                                       33     1   2  2  
 2 Olli Maatta              Travis Hamonic                                    30     1   2  2  
 3 Rob Scuderi              Dalton Prout                                      24     0   3  2  
 4 Erik Karlsson            Rob Scuderi                                       13     1   2  2  

PowerPlay Forward 
   Center                   Left Wing                Right Wing               Time % Phy DF OF 
 1 David Krejci             Jamie Benn               Brandon Pirri            57     1   2  2  
 2 Joe Pavelski             Carl Hagelin             Marian Hossa             43     1   2  2  

PowerPlay Defense
   Defense                  Defense                                           Time % Phy DF OF 
 1 Erik Karlsson            Dustin Brown                                      60     1   2  2  
 2 Erik Karlsson            Tyler Ennis                                       40     1   2  2  

Penalty Kill 4 Players Forward 
   Center                   Wing                     Time % Phy DF OF 
 1 Paul Gaustad             Lauri Korpikoski         60     1   2  2  
 2 Marcel Goc               Carl Hagelin             40     1   2  2  

Penalty Kill 4 Players Defense
   Defense                  Defense                  Time % Phy DF OF 
 1 Rob Scuderi              Kevin Klein              50     1   2  2  
 2 Olli Maatta              Dalton Prout             50     0   3  2  

Penalty Kill - 3 Players Forward 
   Forward                                           Time % Phy DF OF 
 1 Paul Gaustad                                      60     1   2  2  
 2 Marcel Goc                                        40     1   2  2  

Penalty Kill - 3 Players Defense
   Defense                  Defense                  Time % Phy DF OF 
 1 Kevin Klein              Rob Scuderi              50     1   2  2  
 2 Travis Hamonic           Dalton Prout             50     0   3  2  

4 vs 4 Forward 
   Center                   Wing                     Time % Phy DF OF 
 1 David Krejci             Jamie Benn               60     1   2  2  
 2 Joe Pavelski             Marian Hossa             40     1   2  2  

4 vs 4 Defense
   Defense                  Defense                  Time % Phy DF OF 
 1 Erik Karlsson            Kevin Klein              60     1   2  2  
 2 Olli Maatta              Travis Hamonic           40     1   2  2  

Last Minutes Offensive
   Center                   Left Wing                Right Wing               Defense                  Defense                  
   Joe Pavelski             Jamie Benn               Brandon Pirri            Erik Karlsson            Olli Maatta              

Last Minutes Defensive
   Center                   Left Wing                Right Wing               Defense                  Defense                  
   Paul Gaustad             Joe Pavelski             Carl Hagelin             Olli Maatta              Rob Scuderi              

Goaltenders
Starting : Braden Holtby            
Backup : Andrew Hammond           

Extra Forwards
Normal : Jamie Benn, Joe Pavelski, Dustin Brown - PP : David Krejci, Jamie Benn - PK : Carl Hagelin
Extra Defensemen
Normal : Erik Karlsson, Travis Hamonic, Olli Maatta - PP : Erik Karlsson - PK : Olli Maatta, Travis Hamonic
Penalty Shots
Joe Pavelski, Tyler Ennis, Jamie Benn, Dustin Brown, Erik Karlsson

% Time on Ice - Hurricanes

Lines # - Real PCT - Wanted PCT - Time Play
Normal Forward
1 - 27% - 28% - 12:04
2 - 32% - 27% - 14:05
3 - 23% - 25% - 10:20
4 - 18% - 20% - 8:11
Normal Defense
1 - 32% - 35% - 14:29
2 - 41% - 35% - 18:09
3 - 27% - 30% - 12:02
4 - 0% - 0% - 0:00
PP Forward
1 - 53% - 50% - 3:08
2 - 47% - 50% - 2:49
PP Defense
1 - 49% - 50% - 2:55
2 - 51% - 50% - 3:02
PK Forward
1 - 41% - 50% - 3:51
2 - 59% - 50% - 5:32
PK Defense
1 - 63% - 50% - 5:55
2 - 37% - 50% - 3:28
PK3 Forward
1 - 0% - 50%
2 - 0% - 50%
PK3 Defense
1 - 0% - 50%
2 - 0% - 50%
44 Forward
1 - 0% - 50%
2 - 0% - 50%
44 Defense
1 - 0% - 50%
2 - 0% - 50%
Last Minute Offensive  - 0:00
Last Minute Defensive  - 0:00
Total
Forward - 60:00
Defense - 60:00

% Time on Ice - Islanders

Lines # - Real PCT - Wanted PCT - Time Play
Normal Forward
1 - 30% - 32% - 13:13
2 - 24% - 27% - 10:36
3 - 22% - 23% - 9:56
4 - 24% - 18% - 10:55
Normal Defense
1 - 31% - 33% - 13:57
2 - 36% - 30% - 16:13
3 - 24% - 24% - 10:38
4 - 9% - 13% - 3:52
PP Forward
1 - 49% - 57% - 4:36
2 - 51% - 43% - 4:47
PP Defense
1 - 59% - 60% - 5:32
2 - 41% - 40% - 3:51
PK Forward
1 - 97% - 60% - 5:48
2 - 3% - 40% - 0:09
PK Defense
1 - 62% - 50% - 3:43
2 - 38% - 50% - 2:14
PK3 Forward
1 - 0% - 60%
2 - 0% - 40%
PK3 Defense
1 - 0% - 50%
2 - 0% - 50%
44 Forward
1 - 0% - 60%
2 - 0% - 40%
44 Defense
1 - 0% - 60%
2 - 0% - 40%
Last Minute Offensive  - 0:00
Last Minute Defensive  - 0:00
Total
Forward - 60:00
Defense - 60:00

Play by Play

1st period


0:01 of 1st period - David Krejci wins face-off versus Mike Fisher in neutral zone.
0:04 of 1st period - Wrist shot by Brandon Pirri.
0:04 of 1st period - Stopped by Brian Elliott with a rebound.
0:06 of 1st period - Snap shot by Brandon Pirri.
0:06 of 1st period - Shot Misses the Net.
0:08 of 1st period - Snap shot by Jamie Benn.
0:08 of 1st period - Shot Blocked by Mike Fisher.
0:10 of 1st period - Slapshot by Erik Karlsson.
0:10 of 1st period - Shot Misses the Net.
0:12 of 1st period - Snap shot by Kevin Klein.
0:12 of 1st period - Stopped by Brian Elliott with a rebound.
0:14 of 1st period - Wrist shot by Kevin Klein.
0:14 of 1st period - Shot Misses the Net.
0:16 of 1st period - Wrist shot by Jamie Benn.
0:16 of 1st period - Stopped by Brian Elliott with a rebound.
0:39 of 1st period - Off-side.
0:40 of 1st period - Eric Staal wins face-off versus Marian Hossa in neutral zone.
0:43 of 1st period - Travis Hamonic is hit by Thomas Hickey and loses puck.
1:27 of 1st period - Off-side.
1:28 of 1st period - Martin Hanzal wins face-off versus Paul Gaustad in neutral zone.
1:31 of 1st period - Wrist shot by Tyler Ennis.
1:31 of 1st period - Shot Blocked by Fedor Tyutin.
1:48 of 1st period - Snap shot by Martin Hanzal.
1:48 of 1st period - Stopped by Braden Holtby with a rebound.
1:50 of 1st period - Slapshot by Fedor Tyutin.
1:50 of 1st period - Stopped by Braden Holtby with a rebound.
1:52 of 1st period - Slapshot by Fedor Tyutin.
1:52 of 1st period - Shot Misses the Net.
1:54 of 1st period - Snap shot by Fedor Tyutin.
1:54 of 1st period - Shot Misses the Net.
1:56 of 1st period - Slapshot by Mikhail Grabovski.
1:56 of 1st period - Stopped by Braden Holtby with a rebound.
2:26 of 1st period - Slapshot by Erik Karlsson.
2:26 of 1st period - Goal by Erik Karlsson - Hurricanes : 0 - Islanders : 1.
2:27 of 1st period - Patrik Berglund wins face-off versus Andrew Ebbett in neutral zone.
2:54 of 1st period - Backhand shot by Stephen Gionta.
2:54 of 1st period - Shot Misses the Net.
2:58 of 1st period - Snap shot by Viktor Stalberg.
2:58 of 1st period - Shot Misses the Net.
3:20 of 1st period - Travis Hamonic is hit by Mike Fisher and loses puck.
3:27 of 1st period - Wrist shot by Mike Fisher.
3:27 of 1st period - Goal by Mike Fisher - Hurricanes : 1 - Islanders : 1.
3:28 of 1st period - Joe Pavelski wins face-off versus Eric Staal in neutral zone.
3:51 of 1st period - Snap shot by Jiri Hudler.
3:51 of 1st period - Shot Blocked by Kevin Klein.
4:32 of 1st period - David Krejci is hit by Mikhail Grabovski and loses puck.
4:43 of 1st period - Wrist shot by Brandon Pirri.
4:43 of 1st period - Shot Blocked by Matt Read.
5:15 of 1st period - Snap shot by Marian Gaborik.
5:15 of 1st period - Shot Misses the Net.
5:26 of 1st period - Mike Weaver is hit by Tyler Ennis and loses puck.
5:55 of 1st period - Marcel Goc is hit by Andrew Ebbett.
6:14 of 1st period - Lauri Korpikoski is hit by Viktor Stalberg and loses puck.
6:41 of 1st period - Snap shot by Marian Hossa.
6:41 of 1st period - Stopped by Brian Elliott with a rebound.
6:43 of 1st period - Slapshot by Travis Hamonic.
6:43 of 1st period - Shot Misses the Net.
6:45 of 1st period - Slapshot by Marian Hossa.
6:45 of 1st period - Shot Misses the Net.
6:47 of 1st period - Slapshot by Olli Maatta.
6:47 of 1st period - Shot Misses the Net.
7:17 of 1st period - Slapshot by Jamie Benn.
7:17 of 1st period - Shot Misses the Net.
7:31 of 1st period - Wrist shot by Josh Bailey.
7:31 of 1st period - Stopped by Braden Holtby with a rebound.
7:33 of 1st period - Wrist shot by Mike Fisher.
7:33 of 1st period - Stopped by Braden Holtby without a rebound.
7:34 of 1st period - Martin Hanzal wins face-off versus Paul Gaustad in Islanders zone.
7:37 of 1st period - Wrist shot by Mikhail Grabovski.
7:37 of 1st period - Shot Blocked by Paul Gaustad.
8:25 of 1st period - Wrist shot by Lauri Korpikoski.
8:25 of 1st period - Stopped by Brian Elliott with a rebound.
8:43 of 1st period - Wrist shot by Viktor Stalberg.
8:43 of 1st period - Deflect By Stephen Gionta.
8:43 of 1st period - Shot Blocked by Lauri Korpikoski.
8:43 of 1st period - Puck is out of play.
8:44 of 1st period - Andrew Ebbett wins face-off versus Joe Pavelski in Islanders zone.
8:45 of 1st period - Slapshot by Viktor Stalberg.
8:45 of 1st period - Stopped by Braden Holtby with a rebound.
9:03 of 1st period - Icing by Erik Karlsson.
9:04 of 1st period - Carl Hagelin wins face-off versus Mike Fisher in Islanders zone.
10:07 of 1st period - Stephane Robidas is hit by Jamie Benn and loses puck.
10:14 of 1st period - Snap shot by Brandon Pirri.
10:14 of 1st period - Shot Misses the Net.
11:10 of 1st period - Snap shot by Marcel Goc.
11:10 of 1st period - Stopped by Brian Elliott with a rebound.
11:16 of 1st period - Slapshot by Patrik Berglund.
11:16 of 1st period - Shot Misses the Net.
11:18 of 1st period - Slapshot by Olli Maatta.
11:18 of 1st period - Stopped by Brian Elliott without a rebound.
11:19 of 1st period - Joe Pavelski wins face-off versus Matt Read in Hurricanes zone.
11:24 of 1st period - Slapshot by Joe Pavelski.
11:24 of 1st period - Shot Misses the Net.
11:32 of 1st period - Slapshot by Joe Pavelski.
11:32 of 1st period - Shot Blocked by Mike Weaver.
12:16 of 1st period - Wrist shot by Marian Gaborik.
12:16 of 1st period - Shot Misses the Net.
12:18 of 1st period - Wrist shot by Thomas Hickey.
12:18 of 1st period - Deflect By Olli Maatta.
12:18 of 1st period - Stopped by Braden Holtby with a rebound.
12:20 of 1st period - Slapshot by Marco Scandella.
12:20 of 1st period - Deflect By Mike Fisher.
12:20 of 1st period - Stopped by Braden Holtby without a rebound.
12:21 of 1st period - Mike Fisher wins face-off versus Paul Gaustad in Islanders zone.
12:28 of 1st period - Slapshot by Mike Fisher.
12:28 of 1st period - Stopped by Braden Holtby with a rebound.
13:12 of 1st period - Slapshot by Erik Karlsson.
13:12 of 1st period - Shot Blocked by Thomas Hickey.
13:18 of 1st period - Kevin Klein is hit by Marco Scandella and loses puck.
14:03 of 1st period - Snap shot by Martin Hanzal.
14:03 of 1st period - Stopped by Braden Holtby without a rebound.
14:04 of 1st period - Mike Fisher wins face-off versus David Krejci in Islanders zone.
14:19 of 1st period - Snap shot by Brandon Pirri.
14:19 of 1st period - Shot Misses the Net.
14:54 of 1st period - Icing by Travis Hamonic.
14:55 of 1st period - David Krejci wins face-off versus Andrew Ebbett in Islanders zone.
14:55 of 1st period - David Krejci is hit by Viktor Stalberg.
15:13 of 1st period - Snap shot by Stephen Gionta.
15:13 of 1st period - Shot Blocked by Rob Scuderi.
15:25 of 1st period - Slapshot by Viktor Stalberg.
15:25 of 1st period - Stopped by Braden Holtby with a rebound.
15:27 of 1st period - Slapshot by Thomas Hickey.
15:27 of 1st period - Stopped by Braden Holtby without a rebound.
15:28 of 1st period - Paul Gaustad wins face-off versus Martin Hanzal in Islanders zone.
15:33 of 1st period - Mikhail Grabovski is hit by Dustin Brown and loses puck.
16:01 of 1st period - Snap shot by Martin Hanzal.
16:01 of 1st period - Stopped by Braden Holtby with a rebound.
16:03 of 1st period - Slapshot by Matt Read.
16:03 of 1st period - Shot Misses the Net.
16:05 of 1st period - Backhand shot by Martin Hanzal.
16:05 of 1st period - Shot Misses the Net.
16:42 of 1st period - Minor Penalty to Marco Scandella for Roughing.
16:43 of 1st period - David Krejci wins face-off versus Andrew Ebbett in Hurricanes zone.
17:45 of 1st period - Snap shot by Marian Hossa.
17:45 of 1st period - Goal by Marian Hossa - Hurricanes : 1 - Islanders : 2.
17:46 of 1st period - Marcel Goc wins face-off versus Eric Staal in neutral zone.
17:59 of 1st period - Slapshot by Patrik Berglund.
17:59 of 1st period - Shot Misses the Net.
18:04 of 1st period - Off-side.
18:05 of 1st period - Eric Staal wins face-off versus Marcel Goc in neutral zone.
18:09 of 1st period - Slapshot by Thomas Hickey.
18:09 of 1st period - Stopped by Braden Holtby without a rebound.
18:10 of 1st period - Mike Fisher wins face-off versus David Krejci in Islanders zone.
18:14 of 1st period - Minor Penalty to Dalton Prout for Holding.
18:15 of 1st period - Paul Gaustad wins face-off versus Mike Fisher in Islanders zone.
18:15 of 1st period - Paul Gaustad is hit by Jared Spurgeon.
19:06 of 1st period - Slapshot by Jiri Hudler.
19:06 of 1st period - Shot Misses the Net.
19:23 of 1st period - Slapshot by Thomas Hickey.
19:23 of 1st period - Stopped by Braden Holtby without a rebound.
19:24 of 1st period - Paul Gaustad wins face-off versus Eric Staal in Islanders zone.
Goals for this period are 1 for Hurricanes vs 2 for Islanders.
Shots for this period are 16 for Hurricanes vs 9 for Islanders.

2nd period


0:01 of 2nd period - Eric Staal wins face-off versus Paul Gaustad in neutral zone.
0:14 of 2nd period - Penalty to Dalton Prout is over, Dalton Prout is back on ice.
0:34 of 2nd period - Snap shot by Kris Versteeg.
0:34 of 2nd period - Goal by Kris Versteeg - Hurricanes : 2 - Islanders : 2.
0:35 of 2nd period - David Krejci wins face-off versus Mike Fisher in neutral zone.
0:40 of 2nd period - Wrist shot by Brandon Pirri.
0:40 of 2nd period - Goal by Brandon Pirri - Hurricanes : 2 - Islanders : 3.
0:41 of 2nd period - Mike Fisher wins face-off versus David Krejci in neutral zone.
0:46 of 2nd period - Snap shot by Josh Bailey.
0:46 of 2nd period - Shot Misses the Net.
0:48 of 2nd period - Wrist shot by Jared Spurgeon.
0:48 of 2nd period - Stopped by Braden Holtby with a rebound.
0:50 of 2nd period - Slapshot by Jared Spurgeon.
0:50 of 2nd period - Stopped by Braden Holtby with a rebound.
0:52 of 2nd period - Snap shot by Jared Spurgeon.
0:52 of 2nd period - Stopped by Braden Holtby with a rebound.
0:54 of 2nd period - Wrist shot by Jared Spurgeon.
0:54 of 2nd period - Stopped by Braden Holtby with a rebound.
1:39 of 2nd period - Thomas Hickey is hit by Carl Hagelin and loses puck.
2:31 of 2nd period - Snap shot by Dustin Brown.
2:31 of 2nd period - Deflect By Eric Staal.
2:31 of 2nd period - Stopped by Brian Elliott without a rebound.
2:32 of 2nd period - Martin Hanzal wins face-off versus Marcel Goc in Hurricanes zone.
2:43 of 2nd period - Backhand shot by Mikhail Grabovski.
2:43 of 2nd period - Shot Misses the Net.
3:19 of 2nd period - Snap shot by Stephen Gionta.
3:19 of 2nd period - Stopped by Braden Holtby with a rebound.
3:23 of 2nd period - Wrist shot by Stephen Gionta.
3:23 of 2nd period - Stopped by Braden Holtby with a rebound.
4:28 of 2nd period - Wrist shot by Marian Gaborik.
4:28 of 2nd period - Shot Misses the Net.
4:36 of 2nd period - Thomas Hickey is hit by Erik Karlsson.
4:47 of 2nd period - Minor Penalty to Marco Scandella for Holding.
4:48 of 2nd period - Joe Pavelski wins face-off versus Martin Hanzal in Hurricanes zone.
5:42 of 2nd period - Olli Maatta is hit by Matt Read and loses puck.
6:17 of 2nd period - Wrist shot by Joe Pavelski.
6:17 of 2nd period - Stopped by Brian Elliott with a rebound.
6:47 of 2nd period - Penalty to Marco Scandella is over, Marco Scandella is back on ice.
7:06 of 2nd period - Slapshot by Lauri Korpikoski.
7:06 of 2nd period - Shot Misses the Net.
7:45 of 2nd period - Wrist shot by Eric Staal.
7:45 of 2nd period - Shot Blocked by Lauri Korpikoski.
7:47 of 2nd period - Snap shot by Kris Versteeg.
7:47 of 2nd period - Deflect By Jiri Hudler.
7:47 of 2nd period - Shot Misses the Net.
7:47 of 2nd period - Puck is out of play.
7:48 of 2nd period - Paul Gaustad wins face-off versus Eric Staal in Islanders zone.
8:02 of 2nd period - Snap shot by Jiri Hudler.
8:02 of 2nd period - Shot Misses the Net.
8:57 of 2nd period - Slapshot by Erik Karlsson.
8:57 of 2nd period - Shot Blocked by Fedor Tyutin.
9:17 of 2nd period - Wrist shot by Jamie Benn.
9:17 of 2nd period - Shot Misses the Net.
9:28 of 2nd period - Minor Penalty to Fedor Tyutin for High sticking.
9:29 of 2nd period - Martin Hanzal wins face-off versus Joe Pavelski in Hurricanes zone.
9:58 of 2nd period - Mike Weaver is hit by Carl Hagelin and loses puck.
11:07 of 2nd period - Olli Maatta is hit by Andrew Ebbett and loses puck.
11:28 of 2nd period - Penalty to Fedor Tyutin is over, Fedor Tyutin is back on ice.
12:46 of 2nd period - Snap shot by Jiri Hudler.
12:46 of 2nd period - Shot Misses the Net.
12:48 of 2nd period - Snap shot by Stephane Robidas.
12:48 of 2nd period - Shot Blocked by Rob Scuderi.
13:26 of 2nd period - Erik Karlsson is hit by Mikhail Grabovski and loses puck.
13:48 of 2nd period - Thomas Hickey is hit by Kevin Klein.
13:56 of 2nd period - Snap shot by Patrik Berglund.
13:56 of 2nd period - Stopped by Brian Elliott with a rebound.
14:11 of 2nd period - Jared Spurgeon is hit by Marian Hossa and loses puck.
15:12 of 2nd period - Slapshot by Eric Staal.
15:12 of 2nd period - Stopped by Braden Holtby without a rebound.
15:13 of 2nd period - David Krejci wins face-off versus Mike Fisher in Islanders zone.
15:13 of 2nd period - David Krejci is hit by Fedor Tyutin.
15:18 of 2nd period - Off-side.
15:19 of 2nd period - David Krejci wins face-off versus Mike Fisher in neutral zone.
15:33 of 2nd period - Wrist shot by Jamie Benn.
15:33 of 2nd period - Stopped by Brian Elliott with a rebound.
15:39 of 2nd period - Travis Hamonic is hit by Fedor Tyutin and loses puck.
16:06 of 2nd period - Snap shot by Joe Pavelski.
16:06 of 2nd period - Shot Misses the Net.
16:29 of 2nd period - Snap shot by Tyler Ennis.
16:29 of 2nd period - Stopped by Brian Elliott with a rebound.
16:53 of 2nd period - Wrist shot by Lauri Korpikoski.
16:53 of 2nd period - Shot Misses the Net.
17:35 of 2nd period - Snap shot by Brandon Pirri.
17:35 of 2nd period - Shot Misses the Net.
17:37 of 2nd period - Snap shot by Travis Hamonic.
17:37 of 2nd period - Shot Misses the Net.
17:39 of 2nd period - Slapshot by Olli Maatta.
17:39 of 2nd period - Stopped by Brian Elliott without a rebound.
17:40 of 2nd period - David Krejci wins face-off versus Mike Fisher in Hurricanes zone.
17:49 of 2nd period - Minor Penalty to Fedor Tyutin for Boarding.
17:50 of 2nd period - Martin Hanzal wins face-off versus Joe Pavelski in Hurricanes zone.
18:13 of 2nd period - Wrist shot by Marian Hossa.
18:13 of 2nd period - Goal by Marian Hossa - Hurricanes : 2 - Islanders : 4.
18:14 of 2nd period - David Krejci wins face-off versus Mike Fisher in neutral zone.
18:27 of 2nd period - Snap shot by Brandon Pirri.
18:27 of 2nd period - Stopped by Brian Elliott without a rebound.
18:28 of 2nd period - Mike Fisher wins face-off versus David Krejci in Hurricanes zone.
18:43 of 2nd period - Slapshot by Erik Karlsson.
18:43 of 2nd period - Stopped by Brian Elliott with a rebound.
18:45 of 2nd period - Slapshot by Kevin Klein.
18:45 of 2nd period - Stopped by Brian Elliott without a rebound.
18:46 of 2nd period - Martin Hanzal wins face-off versus Joe Pavelski in Hurricanes zone.
19:07 of 2nd period - Slapshot by Marian Hossa.
19:07 of 2nd period - Goal by Marian Hossa - Hurricanes : 2 - Islanders : 5.
19:08 of 2nd period - David Krejci wins face-off versus Martin Hanzal in neutral zone.
19:11 of 2nd period - Wrist shot by Brandon Pirri.
19:11 of 2nd period - Shot Blocked by Fedor Tyutin.
19:13 of 2nd period - Slapshot by Erik Karlsson.
19:13 of 2nd period - Shot Blocked by Fedor Tyutin.
19:15 of 2nd period - Slapshot by Rob Scuderi.
19:15 of 2nd period - Shot Blocked by Matt Read.
19:17 of 2nd period - Wrist shot by Brandon Pirri.
19:17 of 2nd period - Stopped by Brian Elliott without a rebound.
19:18 of 2nd period - Matt Read wins face-off versus David Krejci in Hurricanes zone.
19:36 of 2nd period - Snap shot by David Krejci.
19:36 of 2nd period - Shot Blocked by Mike Weaver.
19:38 of 2nd period - Wrist shot by David Krejci.
19:38 of 2nd period - Shot Blocked by Fedor Tyutin.
19:40 of 2nd period - Slapshot by Rob Scuderi.
19:40 of 2nd period - Shot Misses the Net.
19:53 of 2nd period - Minor Penalty to Martin Hanzal for Roughing.
19:54 of 2nd period - Andrew Ebbett wins face-off versus Joe Pavelski in Hurricanes zone.
Goals for this period are 1 for Hurricanes vs 3 for Islanders.
Shots for this period are 8 for Hurricanes vs 13 for Islanders.

3rd period


0:01 of 3rd period - David Krejci wins face-off versus Andrew Ebbett in neutral zone.
0:27 of 3rd period - Snap shot by Erik Karlsson.
0:27 of 3rd period - Deflect By Brandon Pirri.
0:27 of 3rd period - Stopped by Brian Elliott without a rebound.
0:28 of 3rd period - Joe Pavelski wins face-off versus Andrew Ebbett in Hurricanes zone.
1:50 of 3rd period - Tyler Ennis is hit by Stephane Robidas and loses puck.
1:53 of 3rd period - Penalty to Martin Hanzal is over, Martin Hanzal is back on ice.
2:29 of 3rd period - Snap shot by Marian Gaborik.
2:29 of 3rd period - Shot Misses the Net.
2:50 of 3rd period - Minor Penalty to Paul Gaustad for Tripping.
2:51 of 3rd period - Eric Staal wins face-off versus Carl Hagelin in Islanders zone.
3:21 of 3rd period - Wrist shot by Jiri Hudler.
3:21 of 3rd period - Stopped by Braden Holtby with a rebound.
3:23 of 3rd period - Slapshot by Jared Spurgeon.
3:23 of 3rd period - Shot Misses the Net.
3:25 of 3rd period - Snap shot by Jared Spurgeon.
3:25 of 3rd period - Deflect By Lauri Korpikoski.
3:25 of 3rd period - Stopped by Braden Holtby without a rebound.
3:26 of 3rd period - Mike Fisher wins face-off versus Carl Hagelin in Islanders zone.
4:31 of 3rd period - Lauri Korpikoski is hit by Marco Scandella.
4:50 of 3rd period - Penalty to Paul Gaustad is over, Paul Gaustad is back on ice.
6:17 of 3rd period - Lauri Korpikoski is hit by Stephane Robidas and loses puck.
6:24 of 3rd period - Snap shot by Stephen Gionta.
6:24 of 3rd period - Stopped by Braden Holtby with a rebound.
6:26 of 3rd period - Snap shot by Andrew Ebbett.
6:26 of 3rd period - Shot Blocked by Kevin Klein.
6:28 of 3rd period - Wrist shot by Fedor Tyutin.
6:28 of 3rd period - Shot Misses the Net.
6:30 of 3rd period - Slapshot by Mike Weaver.
6:30 of 3rd period - Stopped by Braden Holtby with a rebound.
6:32 of 3rd period - Snap shot by Viktor Stalberg.
6:32 of 3rd period - Shot Blocked by Kevin Klein.
6:34 of 3rd period - Slapshot by Fedor Tyutin.
6:34 of 3rd period - Shot Misses the Net.
7:10 of 3rd period - Dalton Prout is hit by Fedor Tyutin and loses puck.
7:34 of 3rd period - Olli Maatta is hit by Mike Fisher and loses puck.
9:14 of 3rd period - Jiri Hudler is hit by Erik Karlsson and loses puck.
9:21 of 3rd period - Wrist shot by Fedor Tyutin.
9:21 of 3rd period - Deflect By Jiri Hudler.
9:21 of 3rd period - Stopped by Braden Holtby with a rebound.
9:48 of 3rd period - Icing by Martin Hanzal.
9:49 of 3rd period - Joe Pavelski wins face-off versus Martin Hanzal in Hurricanes zone.
10:00 of 3rd period - Wrist shot by Marian Hossa.
10:00 of 3rd period - Stopped by Brian Elliott without a rebound.
10:01 of 3rd period - Joe Pavelski wins face-off versus Mike Fisher in Hurricanes zone.
10:04 of 3rd period - Snap shot by Marian Hossa.
10:04 of 3rd period - Shot Blocked by Jared Spurgeon.
10:09 of 3rd period - Off-side.
10:10 of 3rd period - Jamie Benn wins face-off versus Mike Fisher in neutral zone.
10:13 of 3rd period - Mike Fisher is hit by Jamie Benn and loses puck.
11:04 of 3rd period - Minor Penalty to Stephane Robidas for Holding.
11:05 of 3rd period - Joe Pavelski wins face-off versus Matt Read in Hurricanes zone.
11:05 of 3rd period - Snap shot by Erik Karlsson.
11:05 of 3rd period - Shot Blocked by Fedor Tyutin.
11:33 of 3rd period - Slapshot by Erik Karlsson.
11:33 of 3rd period - Deflect By Marian Hossa.
11:33 of 3rd period - Deflect By Fedor Tyutin.
11:33 of 3rd period - Shot Misses the Net.
11:33 of 3rd period - Puck is out of play.
11:34 of 3rd period - Brandon Pirri wins face-off versus Andrew Ebbett in Hurricanes zone.
11:49 of 3rd period - Slapshot by Erik Karlsson.
11:49 of 3rd period - Stopped by Brian Elliott with a rebound.
11:53 of 3rd period - Wrist shot by Jamie Benn.
11:53 of 3rd period - Shot Misses the Net.
11:57 of 3rd period - Snap shot by Jamie Benn.
11:57 of 3rd period - Stopped by Brian Elliott with a rebound.
12:23 of 3rd period - Fedor Tyutin is hit by Marian Hossa.
12:47 of 3rd period - Fedor Tyutin is hit by Tyler Ennis and loses puck.
12:54 of 3rd period - Slapshot by Erik Karlsson.
12:54 of 3rd period - Stopped by Brian Elliott with a rebound.
12:56 of 3rd period - Snap shot by Jamie Benn.
12:56 of 3rd period - Stopped by Brian Elliott with a rebound.
12:58 of 3rd period - Snap shot by David Krejci.
12:58 of 3rd period - Shot Misses the Net.
13:04 of 3rd period - Penalty to Stephane Robidas is over, Stephane Robidas is back on ice.
13:16 of 3rd period - Carl Hagelin is hit by Stephane Robidas and loses puck.
13:25 of 3rd period - Fedor Tyutin is hit by Joe Pavelski and loses puck.
13:47 of 3rd period - Minor Penalty to Olli Maatta for Goalie Interference.
13:48 of 3rd period - Paul Gaustad wins face-off versus Mike Fisher in Islanders zone.
13:48 of 3rd period - Paul Gaustad is hit by Mike Fisher.
14:46 of 3rd period - Kevin Klein is hit by Eric Staal and loses puck.
15:17 of 3rd period - Stephane Robidas is hit by Paul Gaustad and loses puck.
15:30 of 3rd period - Mike Fisher is hit by Dalton Prout and loses puck.
15:47 of 3rd period - Penalty to Olli Maatta is over, Olli Maatta is back on ice.
16:16 of 3rd period - Wrist shot by Viktor Stalberg.
16:16 of 3rd period - Deflect By Jamie Benn.
16:16 of 3rd period - Stopped by Braden Holtby without a rebound.
16:17 of 3rd period - Joe Pavelski wins face-off versus Eric Staal in Islanders zone.
16:17 of 3rd period - Joe Pavelski is hit by Kris Versteeg.
16:39 of 3rd period - Slapshot by Marian Hossa.
16:39 of 3rd period - Shot Misses the Net.
17:11 of 3rd period - Snap shot by Jamie Benn.
17:11 of 3rd period - Shot Blocked by Kris Versteeg.
17:13 of 3rd period - Wrist shot by Jamie Benn.
17:13 of 3rd period - Shot Misses the Net.
17:25 of 3rd period - Eric Staal is hit by Dustin Brown and loses puck.
18:50 of 3rd period - Icing by Thomas Hickey.
18:51 of 3rd period - Eric Staal wins face-off versus Paul Gaustad in Hurricanes zone.
19:20 of 3rd period - Slapshot by Mikhail Grabovski.
19:20 of 3rd period - Shot Blocked by Olli Maatta.
Goals for this period are 0 for Hurricanes vs 0 for Islanders.
Shots for this period are 6 for Hurricanes vs 6 for Islanders.